 Dungeon Crawl Stone Soup version 0.22.0-38-g04b72b8 (console) character file.

5504 bli the Martial Artist (level 10, -16/79 HPs)
             Began as a Demonspawn Monk on Aug 26, 2018.
             Demolished by a two-headed ogre
             ... wielding a +0 giant spiked club
              (21 damage)
             ... on level 9 of the Dungeon.
             The game lasted 00:49:53 (8107 turns).

bli the Martial Artist (Demonspawn Monk)            Turns: 8107, Time: 00:49:53

Health: -16/79     AC:  6    Str: 11    XL:     10   Next: 42%
Magic:  10/10      EV: 20    Int: 12    God:
Gold:   436        SH:  0    Dex: 19    Spells: 9/9 levels left

rFire    + . .     SeeInvis .     - Unarmed
rCold    + . .     Gourm    .   (no shield)
rNeg     . . .     Faith    .   q - +2 robe {rC+ rF+}
rPois    .         Spirit   .   R - +0 helmet
rElec    .         Reflect  .   t - +0 cloak
rCorr    .         Harm     .   (no gloves)
MR       .....     Rnd*Tele +   (no boots)
Stlth    +++.......             (no amulet)
HPRegen  0.23/turn              n - ring of teleportation (curse)
MPRegen  0.12/turn              H - +2 ring of evasion

@: no status effects
A: claws 2, powered by death 2, rot immunity
a: no special abilities


You were on level 9 of the Dungeon.
You were not hungry.

You visited 2 branches of the dungeon, and saw 11 of its levels.
You also visited: Ossuary.

You collected 548 gold pieces.
You spent 112 gold pieces at shops.

Inventory:

Hand Weapons
 i - a +2 spear of piercing
 v - a +0 whip of electrocution
 B - a +0 rapier of protection
Missiles
 K - 5 poisoned tomahawks (quivered)
 V - 3 tomahawks of returning
Armour
 a - a +0 robe
 q - a +2 robe of resistance (worn)
 t - a +0 cloak (worn)
 y - a cursed +0 leather armour
 E - a +0 pair of gloves
 Q - a +0 cloak
 R - a +0 helmet (worn)
 W - a +2 robe of magic resistance
Magical Staves
 C - an uncursed staff of fire {unknown}
 I - an uncursed staff of air {unknown}
 P - an uncursed staff of cold {unknown}
Jewellery
 n - a cursed ring of teleportation (left claw)
 w - an uncursed ring of flight
 D - an uncursed ring of wizardry
 H - a +2 ring of evasion (right claw)
 N - an uncursed ring of wizardry
 S - an uncursed ring of magical power
Wands
 c - a wand of digging (20)
 L - a wand of flame (26)
 M - a wand of acid (1)
 T - a wand of iceblast (9)
Scrolls
 d - 3 scrolls of enchant weapon
 e - 8 scrolls of teleportation
 f - 2 scrolls of remove curse {unknown}
 g - 2 scrolls of random uselessness
 h - 3 scrolls of enchant armour
 m - 2 scrolls of magic mapping
 p - a scroll of immolation
 s - 3 scrolls of fog
Potions
 j - a potion of brilliance
 k - a potion of heal wounds
 l - a potion of ambrosia
 o - 4 potions of haste
 u - 3 potions of agility {unknown}
 x - 2 potions of might
 z - a potion of cancellation
 A - a potion of invisibility
 F - 3 potions of flight {unknown}
 J - a potion of magic
 O - 2 potions of lignification
Comestibles
 b - 19 rations
 U - 10 chunks of flesh


   Skills:
 + Level 7.0 Fighting
 * Level 7.8 Dodging
 + Level 3.2 Stealth
 + Level 10.9 Unarmed Combat
 + Level 0.1 Evocations


You had 9 spell levels left.
You didn't know any spells.
Your spell library contained the following spells:

 Spells                   Type           Power        Failure   Level  Hunger
 Shock                    Conj/Air       #...         32%         1    ##.....
 Swiftness                Chrm/Air       #.......     45%         2    ###....
 Static Discharge         Conj/Air       #.......     69%         3    ####...
 Airstrike                Air            #.........   97%         4    #####..
 Lightning Bolt           Conj/Air       #.........   100%        5    ######.


Dungeon Overview and Level Annotations

Branches:
Dungeon (10/15)            Temple (1/1) D:6
   Lair: D:8-11         Orc: D:9-12

Altars:
Ashenzari
Cheibriados
Dithmenos
Elyvilon
Fedhas
Gozag
Hepliaklqana
Kikubaaqudgha
Makhleb
Nemelex Xobeh
Okawaru
Qazlal
Ru
Sif Muna
Trog
Uskayaw
Vehumet
Wu Jian
Xom
Yredelemnul
Zin
The Shining One

Shops:
D:4 !   D:8 }


Innate Abilities, Weirdness & Mutations

You have very sharp fingernails.
You regenerate health from kills.
You are immune to rotting.


Message History

The two-headed ogre hits you with a giant spiked club!!
The two-headed ogre hits you with a giant club!
You barely miss the two-headed ogre.
The two-headed ogre is moderately wounded.
You scratch the two-headed ogre.
The two-headed ogre is moderately wounded.
The two-headed ogre hits you with a giant spiked club!
The two-headed ogre completely misses you.
You claw the two-headed ogre!
The two-headed ogre is heavily wounded.
You scratch the two-headed ogre.
The two-headed ogre is severely wounded.
The two-headed ogre completely misses you.
The two-headed ogre hits you with a giant club!
You scratch the two-headed ogre but do no damage.
The two-headed ogre is severely wounded.
The two-headed ogre hits you with a giant spiked club!!
* * * LOW HITPOINT WARNING * * *
The two-headed ogre hits you with a giant club!!
You die...

####..##≈.≈##..##
#..##≈≈.≈≈##..##
#..##≈§..^§≈##..# #..
#≈.....≈##..#
#.##8_.._.._8##.####+##
#. #####8######.[.....#
#. #### #.......# #.
##.......# ##.
##........#
##..#.O##..#+######
..(...)@(.## #
#..######## .#
####.##### #........#
#........# ####
#........# ...#
####.......[# ...+
#...........# ...#
+.##........# ...# ##
#........# ...#
#...(....#


You could see a two-headed ogre.

Vanquished Creatures
  Pikel (D:4)
  Grinder (D:4)
  2 hippogriffs (D:9)
  Sigmund (D:3)
  A vampire (D:10)
  Eustachio (D:5)
  A hungry ghost (D:8)
  Edmund (D:5)
  Menkaure (D:6)
  Duvessa (D:5)
  2 ice beasts (D:8)
  2 black bears
  An orc warrior (D:6)
  2 ogres
  2 phantoms (D:4)
  2 centaurs
  2 big kobolds
  5 bullfrogs
  Dowan (D:5)
  A water moccasin zombie (D:8)
  A water moccasin skeleton (D:7)
  2 scorpions
  8 killer bees
  2 howler monkeys (D:4)
  2 crimson imps
  3 centaur zombies (Ossuary)
  3 quasits
  5 hounds
  2 human zombies (Ossuary)
  7 orc priests
  A bullfrog skeleton (D:6)
  5 orc wizards
  A centaur skeleton (D:7)
  An iguana (D:6)
  Natasha (thrice) (D:3)
  Ijyb (D:5)
  7 worker ants
  A hound skeleton (D:4)
  2 mummies (Ossuary)
  A worker ant zombie (D:5)
  7 adders
  A shadow imp (D:9)
  2 oozes
  4 adder zombies
  An adder skeleton (D:9)
  3 worms
  6 dart slugs
  7 leopard geckos
  23 orcs
  4 giant cockroaches
  7 goblins
  10 hobgoblins
  9 jackals
  4 quokkas
  A ball python (D:2)
  9 bats
  4 frilled lizards
  A goblin zombie (Ossuary)
  7 hobgoblin zombies (Ossuary)
  A jackal skeleton (D:5)
  A jackal zombie (Ossuary)
  10 kobolds
  10 kobold zombies (Ossuary)
  10 orc zombies (Ossuary)
  A quokka zombie (D:9)
  3 rats
  2 rat zombies (Ossuary)
237 creatures vanquished.

Notes
Turn   | Place    | Note
-------+----------+-------------------------------------------
     0 | D:1      | bli the Demonspawn Monk began the quest for the Orb.
     0 | D:1      | Reached XP level 1. HP: 18/18 MP: 1/1
   436 | D:1      | Gained mutation: You have sharp fingernails. [demonic ancestry]
   436 | D:1      | Reached XP level 2. HP: 24/24 MP: 2/2
   703 | D:1      | Reached skill level 3 in Unarmed Combat
   795 | D:1      | You fall through a shaft!
   851 | D:2      | Gained mutation: You are immune to rotting. [demonic ancestry]
   851 | D:2      | Reached XP level 3. HP: 29/29 MP: 3/3
  1859 | D:3      | Noticed Sigmund
  1908 | D:4      | Gained mutation: You have very sharp fingernails. [demonic ancestry]
  1908 | D:4      | Reached XP level 4. HP: 37/37 MP: 4/4
  2007 | D:4      | Found Ymabbiur's Distillery.
  2021 | D:4      | Bought a potion of heal wounds for 70 gold pieces
  2021 | D:4      | Bought a potion of curing for 42 gold pieces
  2036 | D:4      | Noticed a phantom
  2059 | D:4      | Killed a phantom
  2059 | D:4      | Reached skill level 4 in Unarmed Combat
  2059 | D:4      | Reached XP level 5. HP: 16/42 MP: 5/5
  2119 | D:4      | HP: 1/42 [quokka (4)]
  2376 | D:4      | Noticed Grinder
  2580 | D:3      | Reached skill level 5 in Unarmed Combat
  2596 | D:3      | Reached XP level 6. HP: 36/48 MP: 6/6
  2636 | D:3      | Noticed Natasha
  2655 | D:3      | Killed Natasha
  2961 | D:3      | Killed Sigmund
  3075 | D:3      | Noticed Natasha
  3086 | D:3      | Killed Natasha
  3320 | D:3      | Noticed Natasha
  3328 | D:3      | Killed Natasha
  3328 | D:3      | Gained mutation: You regenerate a little health from kills. [demonic ancestry]
  3328 | D:3      | Reached XP level 7. HP: 44/55 MP: 7/7
  3687 | D:4      | Reached skill level 6 in Unarmed Combat
  4148 | D:4      | Reached skill level 5 in Fighting
  4190 | D:5      | Entered Level 5 of the Dungeon
  4244 | D:4      | Paralysed by Grinder for 5 turns
  4254 | D:4      | Killed Grinder
  4254 | D:4      | Reached skill level 7 in Unarmed Combat
  4254 | D:4      | Reached XP level 8. HP: 43/62 MP: 8/8
  4263 | D:5      | Noticed Pikel
  4298 | D:4      | Killed Pikel
  4298 | D:4      | Reached skill level 5 in Dodging
  4539 | D:5      | Reached skill level 8 in Unarmed Combat
  4543 | D:5      | Noticed Edmund
  4575 | D:5      | Killed Edmund
  4614 | D:5      | Noticed Ijyb
  4622 | D:5      | Killed Ijyb
  4805 | D:5      | Noticed Eustachio
  4825 | D:5      | Killed Eustachio
  4825 | D:5      | Gained mutation: You regenerate health from kills. [demonic ancestry]
  4825 | D:5      | Reached XP level 9. HP: 46/68 MP: 9/9
  4848 | D:5      | Noticed Duvessa
  4848 | D:5      | Noticed Dowan
  4857 | D:5      | Killed Duvessa
  4869 | D:5      | Killed Dowan
  5074 | D:6      | Found an iron altar of Okawaru.
  5242 | D:6      | Reached skill level 9 in Unarmed Combat
  5249 | D:6      | Found a staircase to the Ecumenical Temple.
  5271 | Temple   | Entered the Ecumenical Temple
  5629 | D:6      | Noticed Menkaure
  5723 | D:6      | Found a radiant altar of Vehumet.
  5895 | D:6      | Killed Menkaure
  6560 | D:8      | Reached skill level 10 in Unarmed Combat
  6723 | D:8      | Found Giobaoh's Gadget Boutique.
  6735 | D:8      | Reached XP level 10. HP: 77/77 MP: 10/10
  6968 | D:8      | Found a sand-covered staircase.
  6973 | Ossuary  | Entered an ossuary
  7556 | D:9      | Found a shattered altar of Ashenzari.
  7752 | D:9      | HP: 1/77 [something (8)]
  7767 | D:10     | Entered Level 10 of the Dungeon
  7770 | D:10     | HP: 1/77 [orc priest/divine providence (11)]
  7955 | D:9      | Found a basalt altar of Yredelemnul.
  7955 | D:9      | Found a snail-covered altar of Cheibriados.
  7974 | D:9      | Found a bloodstained altar of Trog.
  7994 | D:9      | Noticed a two-headed ogre
  8107 | D:9      | Demolished by a two-headed ogre

Skill      XL: |  1  2  3  4  5  6  7  8  9 10 |
---------------+-------------------------------+-----
Unarmed Combat | 3 4 5 7 8 10 | 10.9
Dodging        | 3 4 6 7 |  7.8
Fighting       | 4 5 6 7 |  7.0
Stealth        | 2 3 |  3.2
Evocations     | |  0.1

Action                   |  1- 3 |  4- 6 |  7- 9 | 10-12 || total
-------------------------+-------+-------+-------+-------++-------
Melee: Unarmed           |   138 |   115 |   401 |   250 ||   904
       Punch             |       |     2 |    16 |    13 ||    31
Throw: Tomahawk          |       |       |     6 |     3 ||     9
Evoke: Wand              |       |       |       |     2 ||     2
  Use: Scroll            |     1 |     1 |     7 |     6 ||    15
       Potion            |       |     3 |     4 |     5 ||    12
 Stab: Sleeping          |     6 |     2 |     4 |     3 ||    15
       Distracted        |       |       |     4 |     1 ||     5
  Eat: Chunk             |     3 |     5 |    12 |     5 ||    25
Armor: Robe              |    15 |    12 |    41 |    49 ||   117
       Skin              |       |       |    17 |    28 ||    45
Dodge: Dodged            |    82 |    73 |   249 |   240 ||   644
